 Dungeon Crawl Stone Soup version 0.21-a0-81-gc5150db (webtiles) character file.

7128 roflturtle the Blocker (level 11, -6/86 HPs)
             Began as a Formicid Fighter on Dec 7, 2016.
             Was an Elder of Okawaru.
             Killed from afar by Hellonello's ghost (29 damage)
             ... with a bolt of negative energy
             ... on level 11 of the Dungeon on June 24, 2017.
             The game lasted 01:04:35 (9254 turns).

roflturtle the Blocker (Formicid Fighter)           Turns: 9254, Time: 01:04:36

Health: -6/86      AC: 22    Str: 21    XL:     11   Next: 31%
Magic:  14/14      EV: 10    Int:  8    God:    Okawaru [****..]
Gold:   683        SH: 13    Dex: 17    Spells: 10/10 levels left

rFire    . . .     SeeInvis +   a - +3 scimitar
rCold    . . .     Gourm    .   c - +0 shield
rNeg     . . .     Faith    .   p - +4 plate armour
rPois    .         Spirit   .   (helmet unavailable)
rElec    .         Reflect  .   (no cloak)
rCorr    .         Harm     .   (no gloves)
MR       ++...                  V - +2 pair of boots
Stlth    ..........             (no amulet)
HPRegen  0.24/turn              S - ring of protection from magic
MPRegen  0.14/turn              Q - +4 ring of dexterity

@: heroism, heavily drained
A: permanent stasis, dig shafts and tunnels, four strong arms, antennae 3
a: Dig, Shaft Self, Heroism, Renounce Religion


You were on level 11 of the Dungeon.
You worshipped Okawaru.
Okawaru was greatly pleased with you.
You were not hungry.

You visited 2 branches of the dungeon, and saw 12 of its levels.

You collected 683 gold pieces.

Inventory:

Hand Weapons
 a - a +3 scimitar (weapon)
 m - a +1 spear
 C - a +2 falchion of holy wrath
 N - a +3 shortbow
 R - a +0 hand axe of electrocution
 W - a +0 mace of protection
Missiles
 d - 2 tomahawks (quivered)
 k - 114 arrows
 y - 107 sling bullets
 J - 71 bolts
 U - 5 steel javelins
Armour
 c - a +0 shield (worn)
 p - a +4 plate armour (worn)
 H - a +2 chain mail of poison resistance
 V - a +2 pair of boots (worn)
Jewellery
 j - an uncursed ring of stealth {unknown}
 l - an uncursed ring of protection from cold
 Q - a +4 ring of dexterity (right hand)
 S - a ring of protection from magic (left hand)
Wands
 o - a wand of enslavement (7/24)
 r - a wand of iceblast (9/15)
 O - a wand of flame (7/48)
 X - a wand of paralysis (14/24)
Scrolls
 b - 4 scrolls of enchant weapon
 s - 2 scrolls of fear
 u - 4 scrolls of remove curse
 v - a scroll of blinking {unknown}
 D - a scroll of recharging {unknown}
 F - a scroll of fog {unknown}
 I - 2 scrolls of amnesia {unknown}
 L - 2 scrolls of brand weapon {unknown}
 P - a scroll of magic mapping {unknown}
 T - a scroll of random uselessness {unknown}
Potions
 e - 3 potions of flight
 g - 3 potions of agility
 h - 3 potions of haste {unknown}
 i - 6 potions of curing
 x - 4 potions of heal wounds
 A - 3 potions of resistance
 B - a potion of berserk rage {unknown}
 E - 3 potions of brilliance
 G - a potion of cancellation {unknown}
 M - 3 potions of lignification {unknown}
Books
 q - a Young Poisoner's Handbook

   Spells                             Type                      Level
   a - Sting                          Conjuration/Poison           1
   b - Poisonous Vapours              Poison/Air                   2
   c - Mephitic Cloud                 Conjuration/Poison/Air       3
   d - Olgreb's Toxic Radiance        Poison                       4
   e - Venom Bolt                     Conjuration/Poison           5
 t - a book of Geomancy

   Spells                             Type                      Level
   a - Sandblast                      Earth                        1
   b - Passwall                       Transmutation/Earth          2
   c - Stone Arrow                    Conjuration/Earth            3
   d - Petrify                        Transmutation/Earth          4
   e - Lee's Rapid Deconstruction     Earth                        5
Comestibles
 f - 3 bread rations
 n - 5 royal jellies
 w - 29 fruits
 z - 9 meat rations
 K - a chunk of flesh


   Skills:
 - Level 8.2(11.1) Fighting
 - Level 9.0(11.9) Long Blades
 - Level 9.0(11.9) Armour
 - Level 3.2(6.4) Dodging
 + Level 10.3(13.1) Shields
 - Level 5.1(3.4) Invocations


You had 10 spell levels left.
You didn't know any spells.

Dungeon Overview and Level Annotations

Branches:
Dungeon (11/15)            Temple (1/1) D:6            Lair (0/6) D:11
    Orc: D:9-12

Altars:
Ashenzari
Cheibriados
Dithmenos
Elyvilon
Fedhas
Gozag
Hepliaklqana
Kikubaaqudgha
Makhleb
Nemelex Xobeh
Okawaru
Qazlal
Ru
Sif Muna
Trog
Uskayaw
Vehumet
Xom
Yredelemnul
Zin
The Shining One

Annotations:
D:11 Hellonello's ghost, journeyman DrAK


Innate Abilities, Weirdness & Mutations

You cannot be hasted, slowed, berserked, paralysed or teleported.
You can dig through walls and to a lower floor.
Your four strong arms can wield two-handed weapons with a shield.
You have a pair of large antennae on your head. (SInv)


Message History

You closely miss Hellonello's ghost.
Hellonello's ghost is lightly damaged.
Hellonello's ghost hits you! Hellonello's ghost burns you.
You closely miss Hellonello's ghost.
Hellonello's ghost is lightly damaged.
Hellonello's ghost hits you but does no damage.
You closely miss Hellonello's ghost.
Hellonello's ghost is lightly damaged.
Hellonello's ghost hits you! Hellonello's ghost burns you.
* * * LOW HITPOINT WARNING * * *
You hit Hellonello's ghost.
Hellonello's ghost is lightly damaged.
You hit Hellonello's ghost but do no damage.
Hellonello's ghost is lightly damaged.
You block Hellonello's ghost's attack.
You hit Hellonello's ghost but do no damage.
Hellonello's ghost is lightly damaged.
Hellonello's ghost breathes negative energy at you.
The bolt of negative energy hits you!
You feel drained.
You die...

##### #.. . #.# #.
#.###'####
#........########
######......<........#
#............@.#####..
#....#####.....W..#####.
..... +..............
=.#.. #........#..... .
#.. #...........#.####
#.u #.....#+#...# # #..
#.....# ####.. #..
#.....# ... #.....# ...#


You could see Hellonello's ghost.

Vanquished Creatures
  2 two-headed ogres (D:10)
  Pikel (D:9)
  An ugly thing (D:11)
  Grinder (D:6)
  Prince Ribbit (D:9)
  A hippogriff (D:8)
  4 yaks (D:9)
  A steam dragon (D:11)
  A hungry ghost (D:7)
  A black bear (D:6)
  2 ice beasts
  2 orc warriors
  2 sky beasts
  4 ogres
  A phantom (D:9)
  An eye of draining (D:10)
  5 centaurs
  2 big kobolds
  A bullfrog (D:7)
  A wyvern skeleton (D:10)
  2 scorpions
  6 wights (D:6)
  9 killer bees
  A centaur zombie (D:7)
  5 crimson imps
  3 orc priests
  4 hounds
  2 bullfrog skeletons
  A jelly (D:6)
  A centaur skeleton (D:9)
  2 orc wizards
  5 iguanas
  5 worker ants
  A hound skeleton (D:4)
  A howler monkey zombie (D:5)
  A worker ant zombie (D:11)
  A howler monkey skeleton (D:6)
  9 adders
  A shadow imp (D:8)
  An ooze (D:4)
  An adder zombie (D:5)
  An adder skeleton (D:5)
  2 worms (D:3)
  2 dart slugs
  7 leopard geckos
  26 orcs
  4 bats
  3 giant cockroaches
  10 goblins
  12 hobgoblins
  13 jackals
  6 kobolds
  A quokka (D:6)
  2 ball pythons
  9 frilled lizards
  2 leopard gecko skeletons (D:4)
  5 rats
202 creatures vanquished.

Vanquished Creatures (others)
  4 slaves (D:9)
  A killer bee (D:9)
5 creatures vanquished.

Grand Total: 207 creatures vanquished

Notes
Turn   | Place    | Note
-------+----------+-------------------------------------------
     0 | D:1      | roflturtle the Formicid Fighter began the quest for the Orb.
     0 | D:1      | Reached XP level 1. HP: 18/18 MP: 1/1
   112 | D:1      | Reached skill level 4 in Shields
   115 | D:1      | Reached XP level 2. HP: 24/24 MP: 2/2
   178 | D:1      | Upgraded the game from 0.20-a0-268-gb6bde61 to 0.20-a0-277-g7db01f4
   297 | D:1      | Reached XP level 3. HP: 29/29 MP: 3/3
   357 | D:1      | Upgraded the game from 0.20-a0-277-g7db01f4 to 0.20-a0-507-gc86f373
  1169 | D:2      | Reached XP level 4. HP: 35/37 MP: 4/4
  2001 | D:3      | Reached skill level 5 in Shields
  2035 | D:3      | Reached XP level 5. HP: 13/42 MP: 5/5
  2582 | D:4      | Reached XP level 6. HP: 38/48 MP: 6/6
  3082 | D:5      | Entered Level 5 of the Dungeon
  3191 | D:5      | Reached skill level 5 in Long Blades
  3191 | D:5      | Reached XP level 7. HP: 46/54 MP: 7/7
  3710 | D:5      | Reached skill level 6 in Shields
  3791 | D:6      | Reached skill level 5 in Fighting
  4191 | D:6      | Found a staircase to the Ecumenical Temple.
  4239 | Temple   | Entered the Ecumenical Temple
  4264 | Temple   | Became a worshipper of Warmaster Okawaru
  4360 | D:6      | Reached skill level 5 in Armour
  4360 | D:6      | Reached XP level 8. HP: 62/62 MP: 8/8
  4425 | D:6      | Reached skill level 7 in Shields
  4467 | D:6      | Reached * piety under Okawaru
  4632 | D:6      | Reached skill level 1 in Invocations
  4639 | D:6      | Noticed Grinder
  4670 | D:6      | Killed Grinder
  4697 | D:6      | Reached skill level 5 in Invocations
  4697 | D:6      | Reached XP level 9. HP: 70/70 MP: 12/12
  5482 | D:7      | Reached skill level 8 in Shields
  5979 | D:7      | Reached ** piety under Okawaru
  6639 | D:8      | Noticed a hippogriff
  6647 | D:8      | Killed a hippogriff
  7048 | D:9      | Reached XP level 10. HP: 68/77 MP: 13/13
  7362 | D:9      | Noticed Pikel
  7378 | D:9      | Killed Pikel
  7622 | D:9      | Noticed Prince Ribbit
  7677 | D:9      | Killed Prince Ribbit
  7677 | D:9      | Reached *** piety under Okawaru
  7677 | D:9      | Received a gift from Okawaru
  7677 | D:9      | Reached skill level 9 in Shields
  7832 | D:9      | Reached skill level 1 in Dodging
  7976 | D:10     | Entered Level 10 of the Dungeon
  7976 | D:10     | Noticed a two-headed ogre
  8082 | D:10     | Found a shadowy altar of Dithmenos.
  8507 | D:10     | Noticed a two-headed ogre
  8517 | D:10     | Killed a two-headed ogre
  8517 | D:10     | Reached **** piety under Okawaru
  8517 | D:10     | Reached XP level 11. HP: 86/86 MP: 11/14
  8548 | D:10     | Killed a two-headed ogre
  8827 | D:11     | Noticed Hellonello's ghost (journeyman DrAK)
  8829 | D:11     | Noticed a purple ugly thing
  9056 | D:11     | Noticed an elephant
  9056 | D:11     | Noticed a two-headed ogre
  9056 | D:11     | Found a staircase to the Lair.
  9071 | D:10     | Upgraded the game from 0.20-a0-507-gc86f373 to 0.20-a0-514-g839ffe0
  9107 | D:11     | Killed a purple ugly thing
  9107 | D:11     | Reached skill level 10 in Shields
  9228 | D:10     | Upgraded the game from 0.20-a0-514-g839ffe0 to 0.20-a0-672-gd6c3c51
  9228 | D:10     | Upgraded the game from 0.20-a0-672-gd6c3c51 to 0.21-a0-70-g32e1473
  9228 | D:10     | Upgraded the game from 0.21-a0-70-g32e1473 to 0.21-a0-71-g5e5ddd2
  9228 | D:10     | Upgraded the game from 0.21-a0-71-g5e5ddd2 to 0.21-a0-78-g82a99e0
  9228 | D:10     | Upgraded the game from 0.21-a0-78-g82a99e0 to 0.21-a0-81-gc5150db
  9254 | D:11     | Killed from afar by Hellonello's ghost

Vault maps used:
D:1:      saegor_arrival_simple_e
D:2:      serial_bayou_pond_a, minmay_tetromino_l2
D:4:      hangedman_decor_lopped, grunt_decor_cap, minmay_misc_feat_roman
D:5:      first_bread, minmay_misc_feat_secret_circle
D:6:      uniq_grinder
D:9:      blue_anna_alchemist, minmay_misc_feat_x, uniq_pikel,
          uniq_prince_ribbit1
D:10:     nicolae_dithmenos_shadow_blocks
D:11:     david_lair_generic
Temple:   nicolae_temple_the_god_donut

Skill      XL: |  1  2  3  4  5  6  7  8  9 10 11 |
---------------+----------------------------------+-----
Shields        | 4 5 6 7 8 9 10 | 10.3
Long Blades    | 3 5 8 9 |  9.0
Fighting       | 4 5 6 7 8 |  8.2
Armour         | 4 5 6 8 9 |  9.0
Invocations    | 5 |  5.1
Dodging        | 3 |  3.2

Action                   |  1- 3 |  4- 6 |  7- 9 | 10-12 || total
-------------------------+-------+-------+-------+-------++-------
Melee: Long sword        |   120 |   105 |       |       ||   225
       Falchion          |       |    86 |   280 |    15 ||   381
       Scimitar          |       |       |    51 |   288 ||   339
Throw: Tomahawk          |       |       |       |     1 ||     1
Invok: Heroism           |       |       |     2 |     6 ||     8
 Abil: Heal Wounds       |       |       |     4 |     1 ||     5
  Use: Scroll            |       |     8 |     4 |     6 ||    18
       Potion            |       |       |     1 |       ||     1
  Eat: Chunk             |     1 |     7 |    14 |     8 ||    30
Armor: Scale mail        |     6 |       |       |       ||     6
       Chain mail        |    43 |    73 |       |       ||   116
       Plate armour      |       |     6 |   115 |   106 ||   227
Dodge: Dodged            |    18 |    37 |    50 |    51 ||   156
Block: Shield            |    47 |    86 |   177 |   167 ||   477
       Rpst.: Long sword |     6 |     6 |       |       ||    12
       Falchion          |       |     7 |    11 |       ||    18
       Scimitar          |       |       |     2 |    15 ||    17
